EL
CHATTANOOGA LOOKOUTS @ NORTHWEST ARKANSAS NATURALS
08/11/2044
 
TOP OF THE 1ST
Chattanooga Lookouts batting - Pitching for Northwest Arkansas Naturals : RHP Marvin Velasco
Pitching: RHP Marvin Velasco
Batting: LHB Marius Tadini 0-0: Ball
1-0: Called Strike
1-1: Ground out 4-3 (Groundball, 4S, EV 88.1 MPH)
Batting: RHB Miguel Verduzco 0-0: Ball
1-0: Ball
2-0: Ball
3-0: Called Strike
3-1: Base on Balls
Batting: LHB Matt Robertson 0-0: Foul Ball, location: 2F
0-1: Ball
1-1: Ball
2-1: Foul Ball, location: 2F
2-2: DOUBLE (Line Drive, 78M, EV 101.2 MPH)
Miguel Verduzco to third
Batting: RHB Isaiah Easter 0-0: Swinging Strike
0-1: Fly out, F4 (Popup, 4MD, EV 48.1 MPH)
Batting: RHB Masaichi Tokunaga 0-0: Ball
1-0: Ground out 6-3 (Groundball, 6, EV 94.4 MPH)
Top of the 1st over - 0 runs, 1 hit, 0 errors, 2 left on base; Chattanooga 0 - Northwest Arkansas 0
BOTTOM OF THE 1ST
Northwest Arkansas Naturals batting - Pitching for Chattanooga Lookouts : LHP Craig Anderson
Pitching: LHP Craig Anderson
Batting: RHB Gavin Jones 0-0: Ball
1-0: Ball
2-0: Foul Ball, location: 2F
2-1: SINGLE (Groundball, 56, EV 104.4 MPH) (infield hit)
Batting: RHB Doug Carter 0-0: Foul Ball, location: 2F
0-1: DOUBLE (Line Drive, 89D, EV 109.4 MPH)
Gavin Jones to third
Batting: RHB Walt Cogswell 0-0: Ball
Wild Pitch!
Gavin Jones scores
Doug Carter to third
1-0: Ball
2-0: Ground out 4-3 (Groundball, 4MS, EV 66.9 MPH)
Doug Carter scores
Batting: RHB Jaden Warrior 0-0: Ball
1-0: Ground out 6-3 (Groundball, P, EV 85.6 MPH)
Batting: SHB Jarrod Lindblad 0-0: Ball
1-0: DOUBLE (Line Drive, 7LM, EV 94.4 MPH)
Batting: RHB Tomas Raya 0-0: Fly out, F7 (Flyball, 7LS, EV 78.8 MPH)
Bottom of the 1st over - 2 runs, 3 hits, 0 errors, 1 left on base; Chattanooga 0 - Northwest Arkansas 2
TOP OF THE 2ND
Chattanooga Lookouts batting - Pitching for Northwest Arkansas Naturals : RHP Marvin Velasco
Batting: SHB Chris Ortiz 0-0: Fly out, F2 (Popup, 2LF, EV 93.1 MPH)
Batting: RHB Bobby Paredes 0-0: Fly out, F7 (Flyball, 78D, EV 105.0 MPH)
Batting: RHB Julian de Reus 0-0: TRIPLE (Flyball, 9D, EV 98.1 MPH)
Batting: RHB Francisque Regras 0-0: Ball
1-0: Ball
2-0: Called Strike
2-1: Foul Ball, location: 2F
2-2: Ball
3-2: Ground out 5-3 (Groundball, 5S, EV 88.1 MPH)
Top of the 2nd over - 0 runs, 1 hit, 0 errors, 1 left on base; Chattanooga 0 - Northwest Arkansas 2
BOTTOM OF THE 2ND
Northwest Arkansas Naturals batting - Pitching for Chattanooga Lookouts : LHP Craig Anderson
Batting: RHB Ben Garrett 0-0: Ball
1-0: Fly out, F4 (Popup, 4S, EV 78.8 MPH)
Batting: RHB Grant Conlon 0-0: Swinging Strike
0-1: SINGLE (Groundball, 6D, EV 100.0 MPH)
Batting: RHB Kunimatsu Oya 0-0: Ball
1-0: Foul Ball, location: 2F
1-1: Ball
2-1: Foul Ball, location: 2F
2-2: SINGLE (Groundball, 6D, EV 99.4 MPH)
Grant Conlon to second
Batting: RHB Gavin Jones 0-0: Ball
1-0: Called Strike
1-1: Fly out, F2 (Popup, 3SF, EV 80.6 MPH)
Batting: RHB Doug Carter 0-0: Fielders Choice at 2nd, 5-4 (Groundball, 5, EV 81.9 MPH)
Bottom of the 2nd over - 0 runs, 2 hits, 0 errors, 2 left on base; Chattanooga 0 - Northwest Arkansas 2
TOP OF THE 3RD
Chattanooga Lookouts batting - Pitching for Northwest Arkansas Naturals : RHP Marvin Velasco
Batting: LHB Marius Tadini 0-0: Ball
1-0: Called Strike
1-1: Ball
2-1: Foul Ball, location: 2F
2-2: Ball
3-2: Foul Ball, location: 2F
3-2: Base on Balls
Batting: RHB Miguel Verduzco 0-0: Foul Ball, location: 2F
0-1: Foul Ball, location: 2F
0-2: Ball
1-2: Strikes out swinging
Batting: LHB Matt Robertson 0-0: Fielders Choice at 2nd, 3-6 (Groundball, 3, EV 82.5 MPH)
Batting: RHB Isaiah Easter 0-0: Ball
1-0: Called Strike
1-1: Ball
2-1: Ball
3-1: Foul Ball, location: 2F
3-2: Strikes out swinging
Top of the 3rd over - 0 runs, 0 hits, 0 errors, 1 left on base; Chattanooga 0 - Northwest Arkansas 2
BOTTOM OF THE 3RD
Northwest Arkansas Naturals batting - Pitching for Chattanooga Lookouts : LHP Craig Anderson
Batting: RHB Walt Cogswell 0-0: Ball
1-0: Ball
2-0: Called Strike
2-1: Called Strike
2-2: Foul Ball, location: 2F
2-2: Ball
3-2: Base on Balls
Batting: RHB Jaden Warrior 0-0: Called Strike
0-1: Ball
1-1: Foul Ball, location: 2F
1-2: Foul Ball, location: 2F
1-2: Ball
2-2: Foul Ball, location: 2F
2-2: Foul Ball, location: 2F
2-2: Ball
3-2: Foul Ball, location: 2F
3-2: SINGLE (Groundball, 34D, EV 106.2 MPH)
Walt Cogswell to second
Walt Cogswell to third
Batting: SHB Jarrod Lindblad 0-0: Called Strike
0-1: Ball
1-1: Swinging Strike
1-2: Ball
Jaden Warrior steals 2nd base
2-2: Foul Ball, location: 2F
2-2: Fly out, F8 (Flyball, 89M, EV 90.0 MPH)
Runner from 3rd tags up, SCORES, throw by CF
Batting: RHB Tomas Raya 0-0: Fly out, F9 (Flyball, 9LD, EV 81.9 MPH)
Runner from 2nd tags up, SAFE at 3rd, no throw by RF
Batting: RHB Ben Garrett 0-0: Fly out, F8 (Flyball, 8RD, EV 97.5 MPH)
Bottom of the 3rd over - 1 run, 1 hit, 0 errors, 1 left on base; Chattanooga 0 - Northwest Arkansas 3
TOP OF THE 4TH
Chattanooga Lookouts batting - Pitching for Northwest Arkansas Naturals : RHP Marvin Velasco
Batting: RHB Masaichi Tokunaga 0-0: Ball
1-0: Swinging Strike
1-1: DOUBLE (Groundball, 5L, EV 100.6 MPH)
Batting: SHB Chris Ortiz 0-0: Called Strike
0-1: Swinging Strike
0-2: Ball
1-2: Ball
2-2: Ball
3-2: Ground out U3 (Groundball, 34, EV 93.8 MPH)
Masaichi Tokunaga to third
Batting: RHB Bobby Paredes 0-0: Ball
1-0: Foul Ball, location: 2F
1-1: Ball
2-1: Reached on error, E3 (Groundball, 34S, EV 63.1 MPH)
Masaichi Tokunaga scores
Batting: RHB Julian de Reus 0-0: Foul Ball, location: 2F
0-1: Ball
1-1: SINGLE (Line Drive, 6D, EV 94.4 MPH)
Bobby Paredes to second
Batting: RHB Francisque Regras 0-0: Ball
1-0: Ball
2-0: Called Strike
2-1: Ball
3-1: Base on Balls
Bobby Paredes to third
Julian de Reus to second
Batting: LHB Marius Tadini 0-0: Called Strike
0-1: SINGLE (Groundball, 34, EV 100.0 MPH)
Bobby Paredes scores
Julian de Reus to third
Francisque Regras to second
Runner from 3rd tries for Home, SAFE, throw by RF to home
Batting: RHB Miguel Verduzco 0-0: Called Strike
0-1: Grounds into double play, 6-4-3 (Groundball, 6MD, EV 86.9 MPH)
Top of the 4th over - 3 runs, 3 hits, 1 error, 1 left on base; Chattanooga 3 - Northwest Arkansas 3
BOTTOM OF THE 4TH
Northwest Arkansas Naturals batting - Pitching for Chattanooga Lookouts : LHP Craig Anderson
Batting: RHB Grant Conlon 0-0: Foul Ball, location: 2F
0-1: Called Strike
0-2: Ball
1-2: SINGLE (Groundball, 4MD, EV 96.9 MPH)
Batting: RHB Kunimatsu Oya 0-0: Foul Ball, location: 2F
0-1: Ground out 4-3 (Groundball, 34, EV 101.2 MPH)
Grant Conlon to second
Batting: RHB Gavin Jones 0-0: Ball
1-0: Ball
2-0: Ball
3-0: Called Strike
3-1: Called Strike
3-2: Ground out 5-3 (Groundball, 56, EV 98.8 MPH)
Pitching: RHP Mike Ferry
Batting: RHB Doug Carter 0-0: SINGLE (Groundball, 56, EV 105.0 MPH)
Grant Conlon to third
Runner from 3rd tries for Home, throw by LF and OUT! 7-2
Bottom of the 4th over - 0 runs, 2 hits, 0 errors, 1 left on base; Chattanooga 3 - Northwest Arkansas 3
TOP OF THE 5TH
Chattanooga Lookouts batting - Pitching for Northwest Arkansas Naturals : RHP Marvin Velasco
Batting: LHB Matt Robertson 0-0: Ball
1-0: Ball
2-0: Foul Ball, location: 2F
2-1: Ball
3-1: Called Strike
3-2: SINGLE (Groundball, 34S, EV 72.5 MPH) (infield hit)
Batting: RHB Isaiah Easter 0-0: Swinging Strike
0-1: Ball
1-1: Grounds into double play, 6-4-3 (Groundball, 6, EV 81.2 MPH)
Batting: RHB Masaichi Tokunaga 0-0: Swinging Strike
0-1: Swinging Strike
0-2: Ground out U3 (Groundball, 3, EV 76.9 MPH)
Top of the 5th over - 0 runs, 1 hit, 0 errors, 0 left on base; Chattanooga 3 - Northwest Arkansas 3
BOTTOM OF THE 5TH
Northwest Arkansas Naturals batting - Pitching for Chattanooga Lookouts : RHP Mike Ferry
Batting: RHB Walt Cogswell 0-0: Foul Ball, location: 2F
0-1: Ball
1-1: Called Strike
1-2: Ground out 5-3 (Groundball, 56, EV 88.1 MPH)
Batting: RHB Jaden Warrior 0-0: Ball
1-0: Ball
2-0: Foul Ball, location: 2F
2-1: Ball
3-1: Called Strike
3-2: Fly out, F9 (Flyball, 9LM, EV 86.2 MPH)
Batting: SHB Jarrod Lindblad 0-0: Fly out, F8 (Flyball, 89D, EV 93.1 MPH)
Bottom of the 5th over - 0 runs, 0 hits, 0 errors, 0 left on base; Chattanooga 3 - Northwest Arkansas 3
TOP OF THE 6TH
Chattanooga Lookouts batting - Pitching for Northwest Arkansas Naturals : RHP Marvin Velasco
Batting: SHB Chris Ortiz 0-0: Ball
1-0: Ball
2-0: Ball
3-0: Called Strike
3-1: Base on Balls
Batting: RHB Bobby Paredes 0-0: DOUBLE (Groundball, 5L, EV 103.8 MPH)
Chris Ortiz to third
Batting: RHB Julian de Reus 0-0: Intentional Walk
Batting: RHB Francisque Regras 0-0: Fly out, F9 (Flyball, 9LM, EV 93.1 MPH)
Batting: LHB Marius Tadini 0-0: Ball
1-0: Swinging Strike
1-1: Swinging Strike
1-2: Foul Ball, location: 2F
1-2: Strikes out swinging
Batting: RHB Miguel Verduzco 0-0: Ball
1-0: Ball
2-0: Ball
3-0: Base on Balls
Chris Ortiz scores
Bobby Paredes to third
Julian de Reus to second
Batting: LHB Matt Robertson 0-0: Foul Ball, location: 2F
0-1: Ball
1-1: Called Strike
1-2: Strikes out looking
Top of the 6th over - 1 run, 1 hit, 0 errors, 3 left on base; Chattanooga 4 - Northwest Arkansas 3
BOTTOM OF THE 6TH
Northwest Arkansas Naturals batting - Pitching for Chattanooga Lookouts : RHP Mike Ferry
Batting: RHB Tomas Raya 0-0: Ball
1-0: Fly out, F7 (Flyball, 78XD, EV 103.1 MPH)
Batting: RHB Ben Garrett 0-0: Ground out 6-3 (Groundball, 6, EV 91.9 MPH)
Batting: RHB Grant Conlon 0-0: Ball
1-0: SINGLE (Groundball, 3D, EV 100.6 MPH)
Batting: RHB Kunimatsu Oya 0-0: Fielders Choice at 2nd, U4 (Groundball, 4M, EV 107.5 MPH)
Bottom of the 6th over - 0 runs, 1 hit, 0 errors, 1 left on base; Chattanooga 4 - Northwest Arkansas 3
TOP OF THE 7TH
Chattanooga Lookouts batting - Pitching for Northwest Arkansas Naturals : RHP Marvin Velasco
Pitching: RHP Lionardo Rabelo
Batting: RHB Isaiah Easter 0-0: Called Strike
0-1: Ball
1-1: Ground out 5-3 (Groundball, 5, EV 102.5 MPH)
Batting: RHB Masaichi Tokunaga 0-0: Ball
1-0: Called Strike
1-1: Swinging Strike
1-2: Strikes out swinging
Batting: SHB Chris Ortiz 0-0: Ball
1-0: Called Strike
1-1: Ball
2-1: Foul Ball, location: 2F
2-2: Ball
3-2: Strikes out looking
Top of the 7th over - 0 runs, 0 hits, 0 errors, 0 left on base; Chattanooga 4 - Northwest Arkansas 3
BOTTOM OF THE 7TH
Northwest Arkansas Naturals batting - Pitching for Chattanooga Lookouts : RHP Mike Ferry
Pitching: RHP Rich Nunez
Batting: RHB Gavin Jones 0-0: Ball
1-0: Ball
2-0: Foul Ball, location: 2F
2-1: Ball
3-1: Base on Balls
Batting: RHB Doug Carter 0-0: Ball
1-0: Ball
Gavin Jones steals 2nd base
2-0: Bunted foul
2-1: Ball
3-1: Sac Bunt to 2L - play at first, batter OUT! 2-4
Gavin Jones to third
Batting: RHB Walt Cogswell 0-0: SINGLE (Groundball, 4M, EV 105.6 MPH)
Gavin Jones scores
Batting: RHB Jaden Warrior 0-0: Foul Ball, location: 2F
0-1: Called Strike
Walt Cogswell steals 2nd base
0-2: Ball
1-2: Ball
2-2: Strikes out swinging
Batting: SHB Jarrod Lindblad 0-0: Ball
1-0: Ball
2-0: Ball
3-0: Called Strike
3-1: Base on Balls
Batting: LHB Danny Bailey 0-0: Ball
1-0: Swinging Strike
1-1: Called Strike
1-2: Ball
2-2: Foul Ball, location: 2F
2-2: Foul Ball, location: 2F
2-2: Strikes out swinging
Bottom of the 7th over - 1 run, 1 hit, 0 errors, 2 left on base; Chattanooga 4 - Northwest Arkansas 4
TOP OF THE 8TH
Chattanooga Lookouts batting - Pitching for Northwest Arkansas Naturals : RHP Lionardo Rabelo
Pitching: LHP Dave Schmidt
Pinch Hitting: RHB J.J. Powers 0-0: Ball
1-0: Called Strike
1-1: Swinging Strike
1-2: Ball
2-2: Foul Ball, location: 2F
2-2: Foul Ball, location: 2F
2-2: Ball
3-2: Ground out 6-3 (Groundball, 56, EV 85.0 MPH)
Batting: RHB Julian de Reus 0-0: Ground out 5-3 (Groundball, 56, EV 92.5 MPH)
Batting: RHB Francisque Regras 0-0: SINGLE (Groundball, 5S, EV 70.0 MPH) (infield hit)
Pinch Hitting: RHB Justin Allison 0-0: Foul Ball, location: 2F
0-1: Foul Ball, location: 2F
0-2: Ball
1-2: Foul Ball, location: 2F
1-2: Ball
Francisque Regras is caught stealing 2nd base 2-4
Top of the 8th over - 0 runs, 1 hit, 0 errors, 0 left on base; Chattanooga 4 - Northwest Arkansas 4
BOTTOM OF THE 8TH
Northwest Arkansas Naturals batting - Pitching for Chattanooga Lookouts : RHP Rich Nunez
Pitching: RHP Justin Gorden
Now at 3B: Ben Droge
Now in LF: Kozo Kanamori
Batting: RHB Ben Garrett 0-0: Swinging Strike
0-1: Ball
1-1: Reached on error, E3 (Groundball, 34, EV 104.4 MPH)
Batting: RHB Grant Conlon 0-0: Sac Bunt to 13 - play at first, batter OUT! 1-4
Ben Garrett to second
Batting: RHB Kunimatsu Oya 0-0: Foul Ball, location: 2F
0-1: Ball
1-1: Ball
2-1: Called Strike
2-2: Fly out, F9 (Flyball, 89M, EV 85.0 MPH)
Batting: RHB Gavin Jones 0-0: Ball
1-0: Called Strike
1-1: Foul Ball, location: 2F
1-2: Ground out 6-3 (Groundball, 56D, EV 83.1 MPH)
Bottom of the 8th over - 0 runs, 0 hits, 1 error, 1 left on base; Chattanooga 4 - Northwest Arkansas 4
TOP OF THE 9TH
Chattanooga Lookouts batting - Pitching for Northwest Arkansas Naturals : LHP Dave Schmidt
Pitching: RHP Vinny Reveles
Batting: LHB Kozo Kanamori 0-0: Ball
1-0: Ball
2-0: Foul Ball, location: 2F
2-1: Called Strike
2-2: SOLO HOME RUN (Flyball, 9LD, EV 96.2 MPH), Distance : 368 ft
Batting: LHB Armando Rendon 0-0: Ball
1-0: Foul Ball, location: 2F
1-1: Swinging Strike
1-2: Ball
2-2: Strikes out looking
Batting: LHB Matt Robertson 0-0: Swinging Strike
0-1: Foul Ball, location: 2F
0-2: Ball
1-2: Foul Ball, location: 2F
1-2: Fly out, F8 (Line Drive, 8LM, EV 103.1 MPH)
Batting: RHB Isaiah Easter 0-0: Ball
1-0: Foul Ball, location: 2F
1-1: Ball
2-1: Ball
3-1: Called Strike
3-2: Base on Balls
Batting: RHB Masaichi Tokunaga 0-0: Ball
1-0: Called Strike
1-1: Called Strike
1-2: Fly out, F7 (Flyball, 78M, EV 90.6 MPH)
Top of the 9th over - 1 run, 1 hit, 0 errors, 1 left on base; Chattanooga 5 - Northwest Arkansas 4
BOTTOM OF THE 9TH
Northwest Arkansas Naturals batting - Pitching for Chattanooga Lookouts : RHP Justin Gorden
Pitching: LHP Inkei Wakamatsu
Batting: RHB Doug Carter 0-0: Called Strike
0-1: Ball
1-1: Ball
2-1: Swinging Strike
2-2: Strikes out swinging
Batting: RHB Walt Cogswell 0-0: Ball
1-0: Ball
2-0: Ball
3-0: Base on Balls
Batting: RHB Jaden Warrior 0-0: Called Strike
0-1: Swinging Strike
0-2: Ball
1-2: Strikes out swinging
Batting: SHB Jarrod Lindblad 0-0: Ball
1-0: Fly out, F7 (Flyball, 7S, EV 88.8 MPH)
Bottom of the 9th over - 0 runs, 0 hits, 0 errors, 1 left on base; Chattanooga 5 - Northwest Arkansas 4
Thursday, March 31st , 2022 - OOTP Baseball 22.12 Build 89